 Dungeon Crawl Stone Soup version 0.21-a0-2-ge494091 (webtiles) character file.

49 tilp the Firebug (level 3, 0/26 HPs)
             Began as a Hill Orc Fire Elementalist on May 21, 2017.
             Slain by a worm (8 damage)
             ... on level 2 of the Dungeon.
             The game lasted 00:04:06 (1846 turns).

tilp the Firebug (Hill Orc Fire Elementalist)       Turns: 1846, Time: 00:04:06

Health: 0/26       AC:  2    Str: 10    XL:     3   Next: 77%
Magic:  4/6        EV: 12    Int: 16    God:
Gold:   102        SH:  0    Dex: 11    Spells: 2/6 levels left

rFire    . . .     SeeInvis .   o - +0 mace
rCold    . . .     Gourm    .   (no shield)
rNeg     . . .     Faith    .   a - +0 robe
rPois    .         Spirit   .   (no helmet)
rElec    .         Reflect  .   (no cloak)
rCorr    .         Harm     .   (no gloves)
MR       .....                  (no boots)
Stlth    ++........             (no amulet)
Regen    0.1/turn               (no ring)
MPRegen  0.1/turn               (no ring)

@: no status effects
A: no striking features
a: no special abilities


You were on level 2 of the Dungeon.
You were not hungry.

You visited 1 branch of the dungeon, and saw 2 of its levels.

You collected 102 gold pieces.

Inventory:

Hand Weapons
 j - a +0 short sword
 o - a +0 mace (weapon)
Missiles
 g - 80 stones (quivered)
Armour
 a - a +0 robe (worn)
 m - a +0 ring mail of cold resistance
Jewellery
 c - an uncursed ring of resist corrosion {unknown}
 l - an uncursed ring of protection from cold {unknown}
Scrolls
 i - 2 scrolls of magic mapping {unknown}
 p - a scroll of identify {unknown}
 q - a scroll of amnesia {unknown}
 s - 3 scrolls of remove curse {unknown}
 t - a scroll of noise {unknown}
 v - 2 scrolls of blinking {unknown}
 w - a scroll of recharging {unknown}
 x - a scroll of teleportation {unknown}
Potions
 d - 2 potions of berserk rage {unknown}
 e - a potion of curing {unknown}
 f - 2 potions of degeneration {unknown}
 n - a potion of heal wounds {unknown}
 u - a potion of might {unknown}
Books
 b - a book of Flames

   Spells                             Type                      Level
   a - Flame Tongue                   Conjuration/Fire             1
   b - Throw Flame                    Conjuration/Fire             2
   c - Conjure Flame                  Conjuration/Fire             3
   d - Inner Flame                    Hexes/Fire                   3
   e - Sticky Flame                   Conjuration/Fire             4
   f - Fireball                       Conjuration/Fire             5
Comestibles
 h - 3 royal jellies
 k - a fruit
 r - 3 chunks of flesh


   Skills:
 - Level 1.5 Dodging
 - Level 1.5 Stealth
 * Level 2.2 Spellcasting
 * Level 1.5 Conjurations
 * Level 4.2 Fire Magic


You had 2 spell levels left.
You knew the following spells:

 Your Spells              Type           Power        Failure   Level  Hunger
a - Flame Tongue          Conj/Fire      ##...        6%          1    #......
b - Conjure Flame         Conj/Fire      ##......     19%         3    ###....


Dungeon Overview and Level Annotations

Branches:
Dungeon (2/15)

Altars:


Message History

You hit the worm but do no damage.
The worm is heavily wounded.
The worm barely misses you.
Casting: Flame Tongue
Confirm with . or Enter, or press ? or * to list all spells.
Aiming: Flame Tongue
Press: ? - help, Shift-Dir - straight line, f - worm
Aim: a worm (moderately wounded)
The flame tongue hits the worm.
The worm is severely wounded.
The worm barely misses you.
Casting: Flame Tongue
Confirm with . or Enter, or press ? or * to list all spells.
Aiming: Flame Tongue
Press: ? - help, Shift-Dir - straight line, f/p - worm
Aim: a worm (severely wounded)
The flame tongue hits the worm.
The worm is almost dead.
The worm bites you!
You die...

...# #......#.........#.#.######
...# #................#.#.......
...####......#.##......#.......#.
.....##......#.##......#######.#.
.....###....##.##......# #.#.
............##.........# #.##
............######..##### #.#
............##...........# #.#
.....###....##..@........# #.#
.....# #....##.w.........# #.#
.....# #######...........# #.#
...### #######..#### #.# ...# ..#
#.# ...# ...# ...# ..# ...# ...#
....


You could see a worm.

Vanquished Creatures
  2 adders (D:2)
  A worm (D:2)
  A dart slug (D:2)
  2 leopard geckos (D:1)
  3 ball pythons
  2 bats (D:1)
  5 hobgoblins
  A quokka (D:2)
  A frilled lizard (D:1)
  3 kobolds (D:1)
  4 rats
25 creatures vanquished.

Notes
Turn   | Place    | Note
-------+----------+-------------------------------------------
     0 | D:1      | tilp the Hill Orc Fire Elementalist began the quest for the Orb.
     0 | D:1      | Reached XP level 1. HP: 14/14 MP: 3/3
   384 | D:1      | Reached XP level 2. HP: 20/20 MP: 4/4
  1074 | D:2      | Reached skill level 4 in Fire Magic
  1074 | D:2      | Reached XP level 3. HP: 11/26 MP: 2/6
  1397 | D:2      | Learned a level 3 spell: Conjure Flame
  1846 | D:2      | Slain by a worm

Vault maps used:
D:1:      dpeg_arrival_radiant

Skill      XL: |  1  2 |
---------------+-------+-----
Spellcasting   | 2 |  2.2
Fire Magic     | 4 |  4.2
Dodging        | |  1.5
Stealth        | |  1.5
Conjurations   | |  1.5

Action                   || total
-------------------------++-------
Melee: Short sword       ||    28
       Mace              ||    19
Throw: Stone             ||    21
 Cast: Flame Tongue      ||    26
 Stab: Sleeping          ||     1
  Eat: Bread ration      ||     1
Armor: Robe              ||    18
Dodge: Dodged            ||    39
